| 
	| TOP OF THE 1ST | 
|---|
 
		| Staten Island Yankees batting - Pitching for Everett AquaSox : RHP Trevor Jacobsen |  
		| Pitching: RHP Trevor Jacobsen |  |  
		| Batting: RHB Norimoto Miyanishi | 0-0: Swinging Strike 0-1: Ball
 1-1: Foul Ball, location: 2F
 1-2: Strikes out swinging
 |  
		| Batting: LHB Dario Segura | 0-0: Foul Ball, location: 2F 0-1: Foul Ball, location: 2F
 0-2: Ball
 1-2: SINGLE  (Groundball, 25, EV 63.8 MPH) (infield hit)
 |  
		| Batting: LHB Mike Schermerhorn | 0-0: Ball 1-0: Ball
 2-0: Ball
 3-0: Base on Balls
 Dario Segura to second
 |  
		| Batting: SHB Tadaaki Kondo | 0-0: Called Strike 0-1: Foul Ball, location: 2F
 0-2: Ball
 1-2: Fielders Choice at 2nd, 4-6 (Groundball, 4, EV 103.1 MPH)
 Dario Segura to third
 |  
		| Batting: SHB Adam Slade | 0-0: Called Strike 0-1: Foul Ball, location: 2F
 0-2: Ball
 1-2: Ball
 2-2: Strikes out looking
 |  
		| Top of the 1st over - 0 runs, 1 hit, 0 errors, 2 left on base; Staten Island 0 - Everett 0 |  
	| BOTTOM OF THE 1ST | 
|---|
 
		| Everett AquaSox batting - Pitching for Staten Island Yankees : RHP Gary Salazar |  
		| Pitching: RHP Gary Salazar |  |  
		| Batting: RHB Heihachiro Fujita | 0-0: Ball 1-0:  Fly out, F4  (Popup, 4MD, EV 59.4 MPH)
 |  
		| Batting: RHB Eddie Luna | 0-0: Ball 1-0: SINGLE  (Groundball, 23, EV 69.4 MPH) (infield hit)
 |  
		| Batting: LHB Chris Jackson | 0-0: Called Strike Eddie Luna is caught stealing 2nd base 2-6
 0-1: Ball
 1-1: SINGLE  (Flyball, 56D, EV 95.0 MPH)
 |  
		| Batting: LHB William Gonzales | 0-0: Ball Chris Jackson steals 2nd base
 1-0: Ball
 2-0: Ball
 3-0: Base on Balls
 |  
		| Batting: RHB Jose Zuniga | 0-0:  Fly out, F7  (Flyball, 8LD, EV 81.2 MPH) |  
		| Bottom of the 1st over - 0 runs, 2 hits, 0 errors, 2 left on base; Staten Island 0 - Everett 0 |  
	| TOP OF THE 2ND | 
|---|
 
		| Staten Island Yankees batting - Pitching for Everett AquaSox : RHP Trevor Jacobsen |  
		| Batting: RHB Matt Thompson | 0-0: Called Strike 0-1: Called Strike
 0-2: Foul Ball, location: 2F
 0-2: Strikes out swinging
 |  
		| Batting: RHB Daniel Underhay | 0-0: Ball 1-0: Foul Ball, location: 2F
 1-1: Ball
 2-1: Ball
 3-1: Base on Balls
 |  
		| Batting: LHB Danny de Leon | 0-0: Swinging Strike 0-1: Swinging Strike
 0-2: Strikes out swinging
 |  
		| Batting: RHB Alex Blanco | 0-0: Called Strike 0-1: Swinging Strike
 0-2: Strikes out swinging
 |  
		| Top of the 2nd over - 0 runs, 0 hits, 0 errors, 1 left on base; Staten Island 0 - Everett 0 |  
	| BOTTOM OF THE 2ND | 
|---|
 
		| Everett AquaSox batting - Pitching for Staten Island Yankees : RHP Gary Salazar |  
		| Batting: SHB Tony Morales | 0-0: Foul Ball, location: 2F 0-1: Ball
 1-1: Ball
 2-1:  Fly out, F8  (Flyball, 78M, EV 80.6 MPH)
 |  
		| Batting: LHB Ryan Daniels | 0-0: Ball 1-0: Ball
 2-0: Ball
 3-0: Called Strike
 3-1: Base on Balls
 |  
		| Batting: RHB Jwahir Pili | 0-0: Ball 1-0: Called Strike
 Ryan Daniels steals 2nd base
 1-1: Swinging Strike
 1-2: Foul Ball, location: 2F
 1-2: Ball
 2-2: Foul Ball, location: 2F
 2-2: Ground out 5-3 (Groundball, 56, EV 101.9 MPH)
 |  
		| Batting: SHB George Marshall | 0-0: Ground out U3 (Groundball, 3L, EV 99.4 MPH) |  
		| Bottom of the 2nd over - 0 runs, 0 hits, 0 errors, 1 left on base; Staten Island 0 - Everett 0 |  
	| TOP OF THE 3RD | 
|---|
 
		| Staten Island Yankees batting - Pitching for Everett AquaSox : RHP Trevor Jacobsen |  
		| Batting: RHB Norimoto Miyanishi | 0-0: Called Strike 0-1: Ball
 1-1: Foul Ball, location: 2F
 1-2: Foul Ball, location: 2F
 1-2: Ball
 2-2: Ball
 3-2: Strikes out swinging, 2-3 out at first.
 |  
		| Batting: LHB Dario Segura | 0-0: Called Strike 0-1: Called Strike
 0-2: Foul Ball, location: 2F
 0-2: Strikes out swinging
 |  
		| Batting: LHB Mike Schermerhorn | 0-0: Called Strike 0-1: Swinging Strike
 0-2: Ball
 1-2: Strikes out swinging
 |  
		| Top of the 3rd over - 0 runs, 0 hits, 0 errors, 0 left on base; Staten Island 0 - Everett 0 |  
	| BOTTOM OF THE 3RD | 
|---|
 
		| Everett AquaSox batting - Pitching for Staten Island Yankees : RHP Gary Salazar |  
		| Batting: RHB Heihachiro Fujita | 0-0: Ball 1-0: Ball
 2-0: Ground out U3 (Groundball, 3, EV 85.0 MPH)
 |  
		| Batting: RHB Eddie Luna | 0-0: Ground out 6-3 (Groundball, 6, EV 90.6 MPH) |  
		| Batting: LHB Chris Jackson | 0-0: Called Strike 0-1: Swinging Strike
 0-2: Ground out 5-3 (Groundball, 56, EV 103.1 MPH)
 |  
		| Bottom of the 3rd over - 0 runs, 0 hits, 0 errors, 0 left on base; Staten Island 0 - Everett 0 |  
	| TOP OF THE 4TH | 
|---|
 
		| Staten Island Yankees batting - Pitching for Everett AquaSox : RHP Trevor Jacobsen |  
		| Batting: SHB Tadaaki Kondo | 0-0: Ball 1-0: Called Strike
 1-1: Ball
 2-1: Called Strike
 2-2: Strikes out swinging
 |  
		| Batting: SHB Adam Slade | 0-0: Ball 1-0: DOUBLE  (Line Drive, 78XD, EV 105.6 MPH)
 |  
		| Batting: RHB Matt Thompson | 0-0: Ball 1-0: Called Strike
 1-1: SINGLE  (Groundball, 6M, EV 106.9 MPH)
 Adam Slade to third
 Runner from 3rd tries for Home, SAFE, throw by CF to home
 |  
		| Batting: RHB Daniel Underhay | 0-0: Ball 1-0: Grounds into double play, 5-4-3 (Groundball, 56, EV 107.5 MPH)
 |  
		| Top of the 4th over - 1 run, 2 hits, 0 errors, 0 left on base; Staten Island 1 - Everett 0 |  
	| BOTTOM OF THE 4TH | 
|---|
 
		| Everett AquaSox batting - Pitching for Staten Island Yankees : RHP Gary Salazar |  
		| Batting: LHB William Gonzales | 0-0: Called Strike 0-1:  Fly out, F8  (Line Drive, 8RM, EV 105.6 MPH)
 |  
		| Batting: RHB Jose Zuniga | 0-0: Called Strike 0-1: Called Strike
 0-2: Ball
 1-2: Ball
 2-2: Ground out 6-3 (Groundball, 6, EV 78.8 MPH)
 |  
		| Batting: SHB Tony Morales | 0-0: Ball 1-0: Called Strike
 1-1: Ground out U3 (Groundball, 34, EV 106.2 MPH)
 |  
		| Bottom of the 4th over - 0 runs, 0 hits, 0 errors, 0 left on base; Staten Island 1 - Everett 0 |  
	| TOP OF THE 5TH | 
|---|
 
		| Staten Island Yankees batting - Pitching for Everett AquaSox : RHP Trevor Jacobsen |  
		| Batting: LHB Danny de Leon | 0-0: Swinging Strike 0-1: Ball
 1-1: Swinging Strike
 1-2: Ball
 2-2: Ground out 5-3 (Groundball, 56, EV 101.2 MPH)
 |  
		| Batting: RHB Alex Blanco | 0-0: Called Strike 0-1: Ball
 1-1: Foul Ball, location: 2F
 1-2: Strikes out swinging
 |  
		| Batting: RHB Norimoto Miyanishi | 0-0: Foul Ball, location: 2F 0-1: Ball
 1-1: Foul Ball, location: 2F
 1-2: Strikes out looking
 |  
		| Top of the 5th over - 0 runs, 0 hits, 0 errors, 0 left on base; Staten Island 1 - Everett 0 |  
	| BOTTOM OF THE 5TH | 
|---|
 
		| Everett AquaSox batting - Pitching for Staten Island Yankees : RHP Gary Salazar |  
		| Batting: LHB Ryan Daniels | 0-0: Ball 1-0: Foul Ball, location: 2F
 1-1: Ball
 2-1:  Fly out, F8  (Flyball, 78M, EV 86.9 MPH)
 |  
		| Batting: RHB Jwahir Pili | 0-0: Ground out 6-3 (Groundball, 6, EV 101.2 MPH) |  
		| Batting: SHB George Marshall | 0-0: Ball 1-0: Ball
 2-0: Ball
 3-0: Called Strike
 3-1: Foul Ball, location: 2F
 3-2: Base on Balls
 |  
		| Batting: RHB Heihachiro Fujita | 0-0: Ball 1-0: Swinging Strike
 1-1: Foul Ball, location: 2F
 1-2: Strikes out swinging
 |  
		| Bottom of the 5th over - 0 runs, 0 hits, 0 errors, 1 left on base; Staten Island 1 - Everett 0 |  
	| TOP OF THE 6TH | 
|---|
 
		| Staten Island Yankees batting - Pitching for Everett AquaSox : RHP Trevor Jacobsen |  
		| Batting: LHB Dario Segura | 0-0: Ball 1-0: Foul Ball, location: 2F
 1-1: Foul Ball, location: 2F
 1-2:  Fly out, F9  (Line Drive, 9, EV 98.1 MPH)
 |  
		| Batting: LHB Mike Schermerhorn | 0-0: Called Strike 0-1: Foul Ball, location: 2F
 0-2: Foul Ball, location: 2F
 0-2: Foul Ball, location: 2F
 0-2: Strikes out looking
 |  
		| Batting: SHB Tadaaki Kondo | 0-0: Foul Ball, location: 2F 0-1: Called Strike
 0-2: Ball
 1-2: Ground out 6-3 (Groundball, 6, EV 106.9 MPH)
 |  
		| Top of the 6th over - 0 runs, 0 hits, 0 errors, 0 left on base; Staten Island 1 - Everett 0 |  
	| BOTTOM OF THE 6TH | 
|---|
 
		| Everett AquaSox batting - Pitching for Staten Island Yankees : RHP Gary Salazar |  
		| Batting: RHB Eddie Luna | 0-0: Ball 1-0: Called Strike
 1-1: Called Strike
 1-2: Ball
 2-2: Foul Ball, location: 2F
 2-2: Foul Ball, location: 2F
 2-2: Ball
 3-2: Base on Balls
 |  
		| Batting: LHB Chris Jackson | 0-0: Ball 1-0:  Fly out, F7  (Line Drive, 7D, EV 96.9 MPH)
 |  
		| Batting: LHB William Gonzales | 0-0: Foul Ball, location: 2F 0-1: Called Strike
 0-2: Ball
 1-2: Ball
 2-2:  Fly out, F5  (Popup, 15, EV 76.2 MPH)
 |  
		| Batting: RHB Jose Zuniga | 0-0: Ball Eddie Luna is caught stealing 2nd base 2-4
 |  
		| Bottom of the 6th over - 0 runs, 0 hits, 0 errors, 0 left on base; Staten Island 1 - Everett 0 |  
	| TOP OF THE 7TH | 
|---|
 
		| Staten Island Yankees batting - Pitching for Everett AquaSox : RHP Trevor Jacobsen |  
		| Pitching: RHP Ian Gaines |  |  
		| Batting: SHB Adam Slade | 0-0: Ball 1-0: SINGLE  (Line Drive, 8RS, EV 103.8 MPH)
 |  
		| Batting: RHB Matt Thompson | 0-0: Called Strike 0-1: Ball
 1-1: Called Strike
 1-2: Ball
 2-2: Foul Ball, location: 2F
 2-2: SINGLE  (Groundball, 34D, EV 105.0 MPH)
 Adam Slade to second
 Runner from 2nd tries for 3rd, OUT! 9-5
 Matt Thompson to second
 |  
		| Batting: RHB Daniel Underhay | 0-0: Ball 1-0: Called Strike
 1-1: Ground out 5-3 (Groundball, 5L, EV 101.2 MPH)
 |  
		| Batting: LHB Danny de Leon | 0-0: Called Strike 0-1: Foul Ball, location: 2F
 0-2: Strikes out swinging
 |  
		| Top of the 7th over - 0 runs, 2 hits, 0 errors, 1 left on base; Staten Island 1 - Everett 0 |  
	| BOTTOM OF THE 7TH | 
|---|
 
		| Everett AquaSox batting - Pitching for Staten Island Yankees : RHP Gary Salazar |  
		| Batting: RHB Jose Zuniga | 0-0: Ball 1-0: Ball
 2-0: Ball
 3-0: Called Strike
 3-1: TRIPLE  (Flyball, 9LD, EV 106.2 MPH)
 |  
		| Batting: SHB Tony Morales | 0-0:  Fly out, F8  (Flyball, 8RM, EV 80.6 MPH) Runner from 3rd tags up, SCORES, throw by CF
 |  
		| Batting: LHB Ryan Daniels | 0-0: Called Strike 0-1: Ball
 1-1: Swinging Strike
 1-2: Ball
 2-2: Foul Ball, location: 2F
 2-2: Ground out 4-3 (Groundball, 4, EV 86.2 MPH)
 |  
		| Batting: RHB Jwahir Pili | 0-0: SINGLE  (Groundball, P, EV 80.0 MPH) (infield hit) |  
		| Batting: SHB George Marshall | 0-0: Called Strike Jwahir Pili steals 2nd base
 0-1: Ball
 1-1: Ball
 2-1: Reached on error, E4 (Groundball, 4, EV 110.6 MPH)
 Jwahir Pili scores
 |  
		| Batting: RHB Heihachiro Fujita | 0-0: Ball 1-0: Ball
 2-0: Called Strike
 2-1:  Fly out, F8  (Flyball, 78XD, EV 95.6 MPH)
 |  
		| Bottom of the 7th over - 2 runs, 2 hits, 1 error, 1 left on base; Staten Island 1 - Everett 2 |  
	| TOP OF THE 8TH | 
|---|
 
		| Staten Island Yankees batting - Pitching for Everett AquaSox : RHP Ian Gaines |  
		| Batting: RHB Alex Blanco | 0-0: Called Strike 0-1: Foul Ball, location: 2F
 0-2: Ball
 1-2: Ball
 2-2: Foul Ball, location: 2F
 2-2: Ball
 3-2: Foul Ball, location: 2F
 3-2: Base on Balls
 |  
		| Batting: RHB Norimoto Miyanishi | 0-0: Swinging Strike 0-1: Swinging Strike
 0-2: Grounds into double play, 6-4-3 (Groundball, 6, EV 83.8 MPH)
 |  
		| Batting: LHB Dario Segura | 0-0: Ball 1-0: Called Strike
 1-1:  Fly out, F9  (Flyball, 89M, EV 79.4 MPH)
 |  
		| Top of the 8th over - 0 runs, 0 hits, 0 errors, 0 left on base; Staten Island 1 - Everett 2 |  
	| BOTTOM OF THE 8TH | 
|---|
 
		| Everett AquaSox batting - Pitching for Staten Island Yankees : RHP Gary Salazar |  
		| Batting: RHB Eddie Luna | 0-0: Ball 1-0:  Fly out, F3  (Flyball, 34D, EV 85.0 MPH)
 |  
		| Batting: LHB Chris Jackson | 0-0: Called Strike 0-1: Ball
 1-1: Ball
 2-1: Ball
 3-1: Base on Balls
 |  
		| Batting: LHB William Gonzales | 0-0: Called Strike 0-1: Called Strike
 0-2: Ball
 1-2: Ball
 2-2: Fielders Choice at 2nd, 5-4 (Groundball, 56, EV 109.4 MPH)
 |  
		| Pitching: RHP Nick Peters |  |  
		| Batting: RHB Jose Zuniga | 0-0: Ball 1-0: Foul Ball, location: 2F
 1-1: Ball
 Wild Pitch!
 William Gonzales to second
 2-1: Foul Ball, location: 2F
 2-2: Ball
 3-2: SINGLE  (Line Drive, 8RS, EV 105.0 MPH)
 William Gonzales to third
 |  
		| Batting: SHB Tony Morales | 0-0: Ball 1-0: Foul Ball, location: 2F
 1-1: Foul Ball, location: 2F
 1-2: Ball
 2-2: Foul Ball, location: 2F
 2-2: Strikes out swinging
 |  
		| Bottom of the 8th over - 0 runs, 1 hit, 0 errors, 2 left on base; Staten Island 1 - Everett 2 |  
	| TOP OF THE 9TH | 
|---|
 
		| Staten Island Yankees batting - Pitching for Everett AquaSox : RHP Ian Gaines |  
		| Batting: LHB Mike Schermerhorn | 0-0: Ball 1-0: Ball
 2-0: Foul Ball, location: 2F
 2-1: Ball
 3-1: Base on Balls
 |  
		| Batting: SHB Tadaaki Kondo | 0-0: Ball 1-0: Foul Ball, location: 2F
 1-1: Foul Ball, location: 2F
 1-2: Ball
 2-2: Foul Ball, location: 2F
 2-2:  Fly out, F7  (Flyball, 7LMF, EV 91.2 MPH)
 |  
		| Batting: SHB Adam Slade | 0-0: Called Strike 0-1: Ball
 1-1: Foul Ball, location: 2F
 1-2: Ball
 Wild Pitch!
 Mike Schermerhorn to second
 2-2: Ball
 3-2: Foul Ball, location: 2F
 3-2:  Fly out, F7  (Flyball, 78S, EV 88.1 MPH)
 |  
		| Batting: RHB Matt Thompson | 0-0: Ball 1-0: Swinging Strike
 1-1: Ground out 5-3 (Groundball, 5S, EV 82.5 MPH)
 |  
		| Top of the 9th over - 0 runs, 0 hits, 0 errors, 1 left on base; Staten Island 1 - Everett 2 |  |